AoeStats
← montes_503

Arena

509274753Analyzed
4v4 RM · 5d ago on Sep 26, 2026· 53m 57s· 8 players
Game mode
Random Map
Map size
Large (8 player)
Population
200
Speed
Normal
Resources
Standard
Victory
Conquest
Starting age
Dark Age
Ending age
Imperial Age
RankedLock teamsTeams togetherTeam positionsShared explorationLock speedFull tech treeHidden civsTurbo modeCheats
Victory
Defeat
🇺🇸 Bohemians · United States
856
+14
🇨🇳 Spanish · China
843
+15
🇲🇽 Persians · Mexico
836
+15
🇨🇳 Chinese · China
815
+30
🇲🇽 Franks · Mexico
861
-18
🇲🇽 Danes · Mexico
839
-16
🇲🇽 Khmer · Mexico
803
-14
🇲🇽 Persians · Mexico
753
-12
rafa08slayer
0:37 Loom
12:02 Feudal Age
12:28 Double-Bit Axe
13:10 Gold Mining
15:31 Wheelbarrow
14:57 Horse Collar
16:10 Bloodlines
23:09 Castle Age
22:12 Forging
22:48 Stone Mining
23:25 Scale Barding Armor
25:08 Heavy Plow
25:28 Husbandry
26:12 Hand Cart
26:18 Bow Saw
27:01 Kamandaran
32:27 Gold Shaft Mining
32:15 Murder Holes
33:13 Ballistics
34:04 Crossbowman
34:49 Thumb Ring
41:34 Imperial Age
41:27 Iron Casting
43:13 Chemistry
42:54 Heavy Camel Rider
44:18 Elite War Elephant
47:44 Elite Skirmisher
memito101091
0:54 Loom
10:29 Feudal Age
11:40 Double-Bit Axe
14:18 Town Watch
17:15 Wheelbarrow
23:39 Castle Age
22:01 Horse Collar
23:47 Scale Barding Armor
25:00 Bow Saw
25:47 Hand Cart
28:42 Gold Mining
31:08 Pikeman
32:17 Heavy Plow
37:11 Imperial Age
37:25 Husbandry
37:27 Elite Skirmisher
43:17 Forging
48:47 Padded Archer Armor
48:38 Fletching
Kcire_zr
11:27 Feudal Age
12:47 Arson
16:52 Castle Age
14:50 Horse Collar
15:56 Stone Mining
16:53 Double-Bit Axe
21:46 Gold Mining
22:02 Squires
25:45 Stone Shaft Mining
25:51 Gold Shaft Mining
26:29 Forging
26:43 Gambesons
27:39 Scale Mail Armor
28:08 Hamask
32:57 Imperial Age
32:33 Iron Casting
35:12 Heavy Plow
35:27 Bow Saw
36:18 Elite Varangian Guard
39:58 Chemistry
39:31 Husbandry
41:18 Siege Engineers
44:57 Blast Furnace
45:21 Wheelbarrow
44:21 Cranequins
45:45 Scale Barding Armor
46:32 Hand Cart
46:13 Northmen's Fury
47:22 Heavy Mounted Crossbowman
48:54 Conscription
48:37 Heavy Scorpion
montes_503
1:47 Loom
12:30 Feudal Age
13:48 Wheelbarrow
13:01 Double-Bit Axe
22:38 Castle Age
23:38 Hand Cart
25:52 Scale Barding Armor
31:18 Imperial Age
29:16 Forging
32:33 Chain Barding Armor
32:22 Fletching
33:52 Bow Saw
35:48 Plate Barding Armor
35:25 Cavalier
37:07 Paladin
37:14 Paladin
38:08 Bodkin Arrow
40:32 Iron Casting
39:24 Paladin
40:55 Padded Archer Armor
41:12 Caravan
40:50 Pikeman
40:57 Man-at-Arms
41:50 Squires
41:55 Scale Mail Armor
42:23 Ballistics
41:51 Long Swordsman
43:19 Chain Mail Armor
43:14 Two-Handed Swordsman
44:21 Champion
45:51 Plate Mail Armor
48:28 Fortified Wall
49:20 Chemistry
48:16 Murder Holes
51:43 Blast Furnace
53:33 Pikeman
Bruin878
13:34 Feudal Age
13:54 Feudal Age
12:11 Loom
20:11 Castle Age
19:05 Wheelbarrow
18:37 Double-Bit Axe
18:34 Horse Collar
19:50 Wheelbarrow
21:28 Heavy Plow
21:42 Bow Saw
24:11 Hand Cart
28:00 Town Watch
31:59 Imperial Age
30:49 Chemistry
30:10 Ballistics
31:08 Pikeman
31:49 Squires
32:06 Arson
32:46 Forging
32:36 Scale Mail Armor
33:49 Siege Engineers
34:16 Halberdier
36:43 Chain Mail Armor
37:04 Iron Casting
38:38 Plate Mail Armor
40:54 Blast Furnace
42:35 Conscription
41:36 Elite Hussite Wagon
Tentramitrozo 100 mg
0:36 Loom
12:04 Feudal Age
20:06 Castle Age
18:05 Double-Bit Axe
18:04 Horse Collar
18:20 Gold Mining
18:24 Stone Mining
23:27 Wheelbarrow
22:39 Town Watch
30:50 Imperial Age
29:09 Forging
29:05 Scale Barding Armor
29:00 Scale Mail Armor
28:58 Fletching
30:47 Bloodlines
30:38 Husbandry
32:17 Cavalier
33:50 Chain Barding Armor
34:06 Iron Casting
33:47 Chain Mail Armor
33:32 Padded Archer Armor
33:17 Pikeman
35:27 Plate Barding Armor
40:45 Hand Cart
41:10 Gold Shaft Mining
41:10 Stone Shaft Mining
40:09 Halberdier
40:49 Squires
40:35 Arson
46:16 Blast Furnace
45:46 Plate Mail Armor
45:32 Leather Archer Armor
45:13 Bodkin Arrow
46:16 Savar
46:17 Heavy Camel Rider
49:12 Chemistry
48:34 Ballistics
48:10 Murder Holes
gysrj777098
8:05 Loom
14:07 Feudal Age
15:08 Town Watch
15:59 Wheelbarrow
18:28 Horse Collar
18:43 Gold Mining
19:25 Double-Bit Axe
26:56 Man-at-Arms
27:22 Arson
30:58 Castle Age
30:09 Bloodlines
32:46 Husbandry
32:08 Light Cavalry
food
0:30 Loom
11:25 Feudal Age
17:06 Castle Age
15:45 Horse Collar
15:52 Double-Bit Axe
16:16 Stone Mining
25:23 Bow Saw
25:15 Heavy Plow
25:11 Gold Mining
25:56 Stone Shaft Mining
27:01 Wheelbarrow
26:11 Town Watch
27:39 Padded Archer Armor
27:42 Husbandry
28:53 Leather Archer Armor
28:28 Fletching
29:28 Hand Cart
32:53 Imperial Age
32:04 Caravan
33:57 Conscription
33:10 Capped Ram
34:02 Siege Ram
38:26 Elite Conquistador
39:43 Hoardings
39:48 Ring Archer Armor
39:13 Bodkin Arrow
50:53 Bracer
50:59 Scale Barding Armor
50:54 Scale Mail Armor
51:04 Forging
52:00 Two-Man Saw
Connection lost

Rejoining the realm…

Still unreachable

The connection could not be restored.

Session expired

The server has moved on; the page needs a fresh start.